 Dungeon Crawl Stone Soup version 0.18-a0-1396-g8753ca6 (console) character file.

295 Liam the Magician (level 6, -1/32 HPs)
             Began as a Deep Elf Wizard on Feb 23, 2016.
             Killed by divine providence
             ... invoked by an orc priest
              (13 damage)
             ... on level 4 of the Dungeon.
             The game lasted 00:07:05 (3656 turns).

Liam the Magician (Deep Elf Wizard)                 Turns: 3656, Time: 00:07:05

Health: -1/32      AC:  3    Str:  4    XL:     6   Next: 11%
Magic:  15/25      EV: 12    Int: 25    God:
Gold:   190        SH:  0    Dex: 13    Spells: 6 memorised, 3 levels left

rFire  . . .     SeeInvis .     u - +2 dagger (flame)
rCold  . . .     Gourm    .     a - +0 robe
rNeg   . . .     Faith    .     (no shield)
rPois  .         Spirit   .     b - +0 hat
rElec  .         Dismiss  .     (no cloak)
rCorr  +         Reflect  .     (no gloves)
SustAt .         Harm     .     v - +0 pair of boots
MR     .....                    (no amulet)
Stlth  ++........               p - ring of resist corrosion (curse)
                                j - ring of magical power

@: not resistant to hostile enchantments, unstealthy
A: no striking features
a: no special abilities


You were on level 4 of the Dungeon.
You were not hungry.

You visited 1 branch of the dungeon, and saw 4 of its levels.

You collected 190 gold pieces.

Inventory:

Hand Weapons
 u - a +2 dagger of flaming (weapon)
Armour
 a - a +0 robe (worn)
 b - a +0 hat (worn)
 v - a +0 pair of boots (worn)
Rods
 A - a +0 rod of inaccuracy (13/13)
   (You found it on level 4 of the Dungeon)
Jewellery
 j - a ring of magical power (left hand)
 n - a +2 ring of evasion
 p - a cursed ring of resist corrosion (right hand)
 r - an uncursed ring of flight
 y - an uncursed ring of protection from magic
Scrolls
 e - 4 scrolls of remove curse {unknown}
 i - 3 scrolls of identify {unknown}
 k - 2 scrolls of immolation {unknown}
 q - a scroll of enchant armour {unknown}
 s - a scroll of fear {unknown}
 B - a scroll of teleportation {unknown}
Potions
 f - a potion of cure mutation {unknown}
 g - 3 potions of haste {unknown}
 h - a potion of invisibility {unknown}
 o - a potion of magic {unknown}
 t - a potion of resistance {unknown}
 w - 2 potions of flight {unknown}
 x - a potion of mutation {unknown}
 z - 2 potions of heal wounds {unknown}
Books
 c - a book of Minor Magic

   Spells                             Type                      Level
   a - Magic Dart                     Conjuration                  1
   b - Blink                          Translocation                2
   c - Call Imp                       Summoning                    2
   d - Repel Missiles                 Charms/Air                   2
   e - Slow                           Hexes                        2
   f - Conjure Flame                  Conjuration/Fire             3
   g - Mephitic Cloud                 Conjuration/Poison/Air       3
Comestibles
 d - 2 bread rations
 l - 2 slices of pizza
 m - 2 meat rations
 D - a royal jelly


   Skills:
 - Level 2.4 Dodging
 - Level 2.4 Stealth
 + Level 5.7 Spellcasting
 * Level 4.0 Conjurations
 + Level 2.4 Charms
 + Level 2.3 Summonings
 + Level 1.7 Translocations
 + Level 1.2 Fire Magic
 + Level 1.8 Air Magic
 + Level 0.4 Poison Magic


You had 3 spell levels left.
You knew the following spells:

 Your Spells              Type           Power        Failure   Level  Hunger
a - Magic Dart            Conj           ####         1%          1    None
b - Blink                 Tloc           N/A          8%          2    None
d - Mephitic Cloud        Conj/Pois/Air  ###.....     12%         3    #......
e - Conjure Flame         Conj/Fire      ###.....     10%         3    #......
i - Call Imp              Summ           ###.....     6%          2    None
m - Repel Missiles        Chrm/Air       ###...       6%          2    None


Dungeon Overview and Level Annotations

Branches:
Dungeon (4/15)
 Temple: D:4-7

Altars:
Qazlal


Message History

You kill the hound!
Your Conjurations skill increases to level 4!
You have reached level 6!
Your experience leads to an increase in your attributes!
Increase (S)trength, (I)ntelligence, or (D)exterity?
You feel clever.
Casting: Magic Dart
Confirm with . or Enter, or press ? or * to list all spells.
Aiming: Magic Dart
Press: ? - help, Shift-Dir - straight line, f - orc
Aim: an orc, wearing a leather armour (severely wounded, confused)
The magic dart hits the orc.
You kill the orc!
Casting: Magic Dart
Confirm with . or Enter, or press ? or * to list all spells.
You can't see any susceptible monsters within range! (Use Z to cast anyway.) Unknown command.
The orc priest calls down the wrath of Beogh upon you.
Beogh smites you!
You die...

....#.......#.......#.####.###.#.
....#.......#.......#.####.#...#.
....#.......#.......#....#.#.###.
)..###..)..###.....##.#.##.#.# #.
..## ##...## ##...##..#.##.#.# #.
'#######'#######'##..##.##'#.# #.
....................###......###.
....................# #......#...
................@†..# #..>...'...
'#######'#######'#### #.....##...
..## ##...## #... #.##'######
...###.....###..... #.##.#.....
....#.......#[...... #.##.#.#<..
....#.......#......o# #.##.#.....
(...#.......#...[...# #.##.######
...###.....###....o## #.##.......
..## ##...## #.#########


You could see an orc priest and an orc (confused).

Vanquished Creatures
  3 hounds (D:4)
  Jessica (D:2)
  A giant frog skeleton (D:4)
  A worker ant (D:4)
  A howler monkey skeleton (D:4)
  3 adders
  2 worms
  A dart slug (D:1)
  6 orcs
  A ball python (D:1)
  5 bats
  7 giant cockroaches
  11 goblins
  10 hobgoblins
  5 jackals
  A giant gecko skeleton (D:4)
  4 giant newts
  8 kobolds
  10 rats
81 creatures vanquished.

Notes
Turn   | Place    | Note
--------------------------------------------------------------
     0 | D:1      | Liam the Deep Elf Wizard began the quest for the Orb.
     0 | D:1      | Reached XP level 1. HP: 10/10 MP: 7/7
   230 | D:1      | Reached XP level 2. HP: 15/15 MP: 0/9
   738 | D:1      | Reached skill level 5 in Spellcasting
  1085 | D:1      | Reached XP level 3. HP: 19/19 MP: 4/11
  1089 | D:1      | Learned a level 2 spell: Blink
  1092 | D:1      | Learned a level 2 spell: Call Imp
  1095 | D:1      | Learned a level 2 spell: Repel Missiles
  1099 | D:1      | Learned a level 3 spell: Conjure Flame
  1392 | D:2      | Found a stormy altar of Qazlal.
  1760 | D:2      | Noticed Jessica
  1766 | D:2      | Killed Jessica
  1766 | D:2      | Reached skill level 1 in Charms
  1766 | D:2      | Reached XP level 4. HP: 24/24 MP: 5/13
  2733 | D:4      | Reached skill level 1 in Air Magic
  2733 | D:4      | Reached XP level 5. HP: 21/28 MP: 15/15
  2738 | D:4      | Reached skill level 1 in Fire Magic
  2806 | D:4      | Learned a level 3 spell: Mephitic Cloud
  3646 | D:4      | Reached XP level 6. HP: 11/32 MP: 13/16
  3656 | D:4      | Killed from afar by an orc priest

Vault maps used:
D:1:      nicolae_arrival_somewhat_less_tricky_arrival, serial_forest,
          infiniplex_forest_clump_cross, infiniplex_forest_clump_medium,
          infiniplex_forest_lined_room_3, infiniplex_forest_clump_tiny,
          infiniplex_forest_end_3, infiniplex_forest_split,
          infiniplex_forest_lined_room_3, infiniplex_forest_clump_cross,
          minmay_misc_feat_cross
D:2:      lemuel_crystal_altar, st_stairs_8, uniq_jessica
D:4:      kennysheep_six_static_rooms, first_bread

Skill      XL: |  1  2  3  4  5 |
---------------+----------------+-----
Conjurations   | 2 3 4 |  4.0
Spellcasting   | 5 |  5.7
Charms         | 1 2 |  2.4
Air Magic      | 1 |  1.8
Fire Magic     | 1 |  1.2
Summonings     | 2 |  2.3
Dodging        | |  2.4
Stealth        | |  2.4
Translocations | |  1.7
Poison Magic   | |  0.4

Action                   |  1- 3 |  4- 6 || total
-------------------------+-------+-------++-------
Melee: Unarmed           |     2 |       ||     2
 Cast: Magic Dart        |    98 |   112 ||   210
       Mephitic Cloud    |       |     1 ||     1
  Eat: Chunk             |     2 |     6 ||     8
